 Dungeon Crawl Stone Soup version 0.25-a0-589-g1e14c549ee (webtiles) character file.

Game seed: 15534930259098340418, levelgen mode: deterministic

0 Gargoyl the Skirmisher (level 1, -5/19 HPs)
             Began as a Centaur Abyssal Knight on Mar 13, 2020.
             Was a Follower of Lugonu.
             Slain by a hellwing (6 damage)
             ... on level 4 of the Abyss.
             The game lasted 00:00:47 (196 turns).

Gargoyl the Skirmisher (Centaur Abyssal Knight)      Turns: 196, Time: 00:00:47

Health: -5/19      AC:  6    Str: 14    XL:     1   Next: 0%
Magic:  8/11       EV:  7    Int: 11    God:    Lugonu [*.....]
Gold:   73         SH:  0    Dex:  8    Spells: 0/0 levels left

rFire    . . .     SeeInvis .   a - +1 hand axe
rCold    . . .     Gourm    .   (no shield)
rNeg     . . .     Faith    .   d - +0 scale mail
rPois    .         Spirit   .   (no helmet)
rElec    .         Reflect  .   (no cloak)
rCorr    .         Harm     .   (no gloves)
MR       .....                  (no barding)
Stlth    ..........             (no amulet)
HPRegen  0.06/turn              e - ring of magical power
MPRegen  0.12/turn              (no ring)

@: very quick
A: large, hooves 3, deformed body, speed 2, tough skin 3
a: Depart the Abyss, Renounce Religion


You were on level 4 of the Abyss.
You worshipped Lugonu.
Lugonu was aware of your devotion.
You were not hungry.

You visited 0 branches of the dungeon, and saw 0 of its levels.
You visited the Abyss 1 time.

You collected 73 gold pieces.

Inventory:

Hand Weapons
 a - a +1 hand axe (weapon)
Armour
 d - a +0 scale mail (worn)
Jewellery
 e - a ring of magical power (left hand)
Comestibles
 c - 3 rations


   Skills:
 + Level 3.0 Fighting
 + Level 1.7 Axes
 + Level 1.3 Armour
 + Level 0.6 Dodging
 + Level 2.0 Invocations


You couldn't memorise any spells.
You didn't know any spells.
Your spell library was empty.

Dungeon Overview and Level Annotations

Branches:
Dungeon (0/15)

Altars:


Innate Abilities, Weirdness & Mutations

You have hooves in place of feet.
Armour fits poorly on your strangely shaped body.
You cover ground very quickly.
You have extremely tough skin. (AC +3)


Message History

The thrashing horror roars!
Found an animal skin.
c - 3 rations (gained 1)
A quasit emerges from chaos.
The quasit gives a chilling moan.
Found 29 gold pieces.
A small abomination comes into view.
The small abomination hits you.
Found a ration.
You hit the small abomination.
The small abomination is moderately damaged.
The small abomination hits you!
Ouch! That really hurt!
* * * LOW HITPOINT WARNING * * *
The small abomination closely misses you.
Unknown command.
A hellwing comes into view.
The hellwing swoops through the air toward you!
The hellwing hits you.
You die...

# ##. # ..# ##.#
#.. #... ..# #..
#.#.# #.@##
#..4## ####
#.##..# ... #
#..###.## ... .
#.#......## .# .#
..#.####x#...##.#
#.. #....5#.. #
##.......#.....#
.#
...#######....# .


You could see a hellwing, a small abomination and a quasit.

Vanquished Creatures
  A lurking horror (Abyss:2)
1 creature vanquished.

Vanquished Creatures (others)
  2 starspawn tentacles (Abyss:2)
2 creatures vanquished.

Grand Total: 3 creatures vanquished

Notes
Turn   | Place    | Note
-------+----------+-------------------------------------------
     0 | Abyss:1  | Gargoyl the Centaur Abyssal Knight began the quest for the
                  | Orb.
     0 | Abyss:1  | Reached XP level 1. HP: 19/19 MP: 2/2
    22 | Abyss:1  | Noticed a ynoxinul
    69 | Abyss:2  | Noticed a tentacled starspawn
   135 | Abyss:4  | Found a corrupted altar of Lugonu.
   156 | Abyss:4  | Noticed a thrashing horror
   157 | Abyss:4  | Noticed a thrashing horror
   157 | Abyss:4  | Noticed a thrashing horror
   169 | Abyss:4  | Noticed a quasit
   173 | Abyss:4  | Noticed a small abomination
   194 | Abyss:4  | Noticed a hellwing
   196 | Abyss:4  | Slain by a hellwing

Levels and vault maps discovered:
Abyss:4:  hangedman_grunt_abyss_rune_horror_hoard,
          nicolae_abyss_rune_left_handed

Action                   || total
-------------------------++-------
Melee: Hand axe          ||     2
       Kick              ||     1
  Use: Scroll            ||     2
Dodge: Dodged            ||     1

Table legend:
 A = Non-vault XP
 B = Vault XP
 C = Vault XP percentage of total XP
 D = Non-vault monster count
 E = Vault monster count
 F = Vault count percentage of total count
                 A         B        C        D         E       F
            +---------+---------+-------+---------+---------+-------
      Total |       0 |       0 |   N/A |       0 |       0 |  -nan
            +---------+---------+-------+---------+---------+-------
            +---------+---------+-------+---------+---------+-------
